 Dungeon Crawl Stone Soup version 0.30-a0-371-gad7725a93e (webtiles) character file.

Game seed: 16826538850753421460

112450 Haldmier the Black Belt (level 16, -5/129 HPs)
             Began as a Black Draconian Transmuter on Nov 21, 2022.
             Was the Champion of Hepliaklqana.
             Slain by Agnes
             ... wielding a +2 vampiric lajatang
              (20 damage)
             ... on level 15 of the Dungeon on Nov 22, 2022.
             The game lasted 02:27:26 (29988 turns).

Haldmier the Black Belt (DrTm)                     Turns: 29988, Time: 02:27:27

Health: -5/129     AC: 13    Str: 19    XL:     16   Next: 11%
Magic:  16/20      EV: 24    Int: 13    God:    Hepliaklqana [******]
Gold:   1578       SH:  0    Dex: 20    Spells: 6/21 levels left

rFire   . . .      SeeInvis .      - Unarmed
rCold   . . .      Faith    .    (shield currently unavailable)
rNeg    . . .      Spirit   .    (body armour unavailable)
rPois   .          Reflect  .    l - +1 hat {Will+}
rElec   +          Harm     .    m - +0 cloak
rCorr   .          Rampage  .    (gloves currently unavailable)
Will    +++..                    n - +1 pair of boots
Stlth   +++.......               k - amulet of the acrobat
HPRegen 0.41/turn                T - +4 ring of evasion
MPRegen 0.17/turn                O - ring of Obsession {Will+ Str+6}

@: mighty, blade hands, flying
A: flying, reduced essence, breathe lightning, AC +9, unfitting armour, big
wings, electricity resistance, cold-blooded
a: Breathe Lightning, End Transformation, Renounce Religion, Recall Ancestor,
Ancestor Identity, Transference, Idealise


You were on level 15 of the Dungeon.
You worshipped Hepliaklqana.
Hepliaklqana was exalted by your worship.
You had blades for hands.
You visited 4 branches of the dungeon, and saw 23 of its levels.
You also visited: Bailey.

You collected 2204 gold pieces.
You spent 626 gold pieces at shops.

Inventory:

Missiles
 e - 10 poisoned darts
 v - 14 javelins
 y - 2 curare-tipped darts
 E - 3 boomerangs of dispersal
 F - 17 boomerangs (quivered)
 H - 2 throwing nets
Armour
 l - a +1 hat of willpower (worn)
 m - a +0 cloak (worn)
 n - a +1 pair of boots (worn)
 r - the +1 Delatra's gloves (melded) {ID++}
   (You found it on level 5 of the Dungeon)

   It heals its wearer when they drink unknown potions.
   It restores its wearer's MP when they read unknown scrolls.
 R - the +2 buckler "Etzuorol" (melded) {Will+ rCorr Dex+2}
   (You took it off a gnoll sergeant on level 5 of the Dungeon)

   Dex:       It affects your dexterity (+2).
   rCorr:     It protects you from acid and corrosion.
   Will:      It increases your willpower.
Jewellery
 k - an amulet of the acrobat (around neck)
 M - the ring of False Pretenses {Fire Str+5}
   (You acquired it on level 10 of the Dungeon)

   [ring of fire]

   It enhances your fire magic.
   Str:       It affects your strength (+5).
   rF:        It protects you from fire.
   rC:        It makes you vulnerable to cold.
 N - a ring of positive energy
 O - the ring of Obsession (right blade hand) {Will+ Str+6}
   (You took it off an orc wizard on level 10 of the Dungeon)

   [ring of strength]

   Str:       It affects your strength (+6).
   Will:      It increases your willpower.
 Q - an amulet of regeneration
 S - a +6 ring of dexterity
 T - a +4 ring of evasion (left blade hand)
 Z - a ring of ice
Wands
 g - a wand of flame (3)
 j - a wand of roots (8)
 s - a wand of polymorph (12)
 G - a wand of digging (5)
 V - a wand of quicksilver (14)
 X - a wand of charming (11)
Scrolls
 f - a scroll of torment
 h - 2 scrolls of summoning
 p - 2 scrolls of silence
 u - a scroll of poison
 w - 3 scrolls of fog
 z - 4 scrolls of teleportation
 A - 3 scrolls of fear
 K - 3 scrolls of enchant weapon
 L - 3 scrolls of blinking
 U - a scroll of enchant armour
 W - 10 scrolls of identify
 Y - a scroll of immolation
Potions
 a - 4 potions of lignification
 b - a potion of attraction
 c - 11 potions of curing
 d - 5 potions of haste
 i - 7 potions of resistance
 o - 2 potions of magic
 q - 8 potions of heal wounds
 t - 4 potions of cancellation
 x - 3 potions of berserk rage
 B - 3 potions of invisibility
 C - 10 potions of mutation
 D - a potion of ambrosia
 I - 3 potions of brilliance
 J - 3 potions of might
 P - a potion of degeneration {unknown}


   Skills:
 + Level 13.3 Fighting
 + Level 11.4 Dodging
 - Level 5.0 Stealth
 - Level 4.0 Shields
 * Level 17.3 Unarmed Combat
 - Level 3.0 Spellcasting
 - Level 14.0 Transmutations
 - Level 4.0 Ice Magic
 - Level 4.0 Poison Magic
 - Level 5.0 Invocations


You had 6 spell levels left.
You knew the following spells:

 Your Spells              Type           Power      Damage    Failure   Level
a - Beastly Appendage     Tmut           76%        N/A       6%          1
b - Wereblood             Tmut           38%        N/A       7%          2
c - Spider Form           Tmut/Pois      25%        N/A       19%         3
d - Ice Form              Ice/Tmut       25%        N/A       34%         4
e - Blade Hands           Tmut           19%        N/A       21%         5

Your spell library contained the following spells:

 Spells                   Type           Power      Damage    Failure   Level
 Poisonous Vapours        Pois/Air       14%        N/A       56%         2
 Alistair's Intoxication  Tmut/Pois      16%        N/A       56%         5
 Apportation              Tloc           2%         N/A       65%         1
 Foxfire                  Conj/Fire      4%         2x1d4     65%         1
 Scorch                   Fire           2%         2d5       77%         2
 Dazzling Flash           Conj/Hex       2%         N/A       90%         3
 Inner Flame              Hex/Fire       1%         N/A       90%         3
 Portal Projectile        Hex/Tloc       2%         N/A       90%         3
 Tukima's Dance           Hex            1%         N/A       90%         3
 Animate Dead             Necr           1%         N/A       99%         4
 Dispel Undead            Necr           1%         3d6       99%         4
 Flame Wave               Conj/Fire      1%         2d4       99%         4
 Passage of Golubria      Tloc           1%         N/A       99%         4
 Sticky Flame             Conj/Fire      1%         2d3       99%         4
 Agony                    Necr           1%         N/A       100%        5
 Lightning Bolt           Conj/Air       0%         1d11      100%        5
 Silence                  Hex/Air        0%         N/A       100%        5
 Summon Forest            Summ/Tloc      0%         N/A       100%        5
 Death Channel            Necr           0%         N/A       100%        6
 Simulacrum               Ice/Necr       3%         N/A       100%        6
 Starburst                Conj/Fire      0%         6d3       100%        6
 Summon Cactus Giant      Summ           0%         N/A       100%        6
 Malign Gateway           Summ/Tloc      0%         N/A       100%        7
 Lehudib's Crystal Spear  Conj/Erth      0%         10d2      100%        8


Dungeon Overview and Level Annotations

Branches:
Dungeon (15/15) Temple (1/1) D:4 Lair (5/5) D:11 Swamp (0/4) Lair:2 Snake (0/4) Lair:3 Slime (0/5) Lair:4 Orc (2/2) D:9 Elf (0/3) Orc:2 Vaults (0/5) D:12 D:13 Bailey (visited) Depths: D:15

Altars:
Ashenzari
Cheibriados
Dithmenos
Elyvilon
Fedhas
Gozag
Hepliaklqana
Kikubaaqudgha
Makhleb
Nemelex Xobeh
Okawaru
Qazlal
Ru
Sif Muna
Trog
Uskayaw
Vehumet
Wu Jian
Xom
Yredelemnul
Zin
The Shining One
Jiyva

Shops:
D:7 !   D:14 (   Orc:1 ?   Orc:2 !*!!

Annotations:
D:12 exclusion: downstairs
D:15 Agnes
Lair:3 exclusion: 3 oklob plants


Innate Abilities, Weirdness & Mutations

You have blades for hands.
You are flying.
Your spellcasting is less reliable in this form.
You are incapable of wielding weapons or throwing items.
Your life essence is reduced to manifest your ancestor. (-10% HP)
You can breathe wild blasts of lightning.
Your glossy black scales are hard. (AC +9)
You cannot fit into any form of body armour.
Your large and strong wings let you fly.
You are resistant to electric shocks. (rElec)
You are cold-blooded and may be slowed by cold attacks.


Message History

The +2 buckler "Etzuorol" {Will+ rCorr Dex+2} melds into your body.
Zada points at the boulder beetle and mumbles some strange words.
The bolt of magma hits the boulder beetle!
The boulder beetle curls into a ball and begins rolling!
Agnes the Wanderer comes into view.
She is wielding a +2 vampiric lajatang and wearing a +2 robe of fire resistance.
The boulder beetle hits you.
The boulder beetle stops rolling and uncurls.
Agnes shouts!
You slice the boulder beetle!!
The boulder beetle is severely wounded.
Zada points at the boulder beetle and mumbles some strange words.
The bolt of magma hits the boulder beetle!!
The boulder beetle dies!
You feel very mighty all of a sudden. Agnes misses you.
You barely miss Agnes. Your slash misses Agnes. Agnes barely misses you.
You miss Agnes. You slash Agnes!
Agnes is lightly wounded.
Agnes hits you with a +2 vampiric lajatang! x2
Agnes draws strength from your wounds!
You closely miss Agnes.
Agnes is lightly wounded.
Agnes hits you with a +2 vampiric lajatang!!
You barely miss Agnes.
Your tail-slap misses Agnes.
Agnes hits you with a +2 vampiric lajatang!
You closely miss Agnes.
Agnes hits you with a +2 vampiric lajatang!
Zada casts a spell at Agnes.
The stone arrow hits Agnes!!
You slice Agnes!!
Agnes is moderately wounded.
Agnes hits you with a +2 vampiric lajatang!
Agnes draws strength from your wounds!
You shred Agnes!!!
Your tail-slap misses Agnes.
Agnes is almost dead.
Agnes hits you with a +2 vampiric lajatang!!
* * * LOW HITPOINT WARNING * * *
Agnes draws strength from your wounds!
Agnes hits you with a +2 vampiric lajatang!!
You die...

#.###.###
#.##...##
#.#.....#
#.......#
###.....#
##....#
##.#.#####
#......R#
###.###@#
#.#
#.i......
#.#
#####.###
#.# #..
###


You could see the friendly Zada the battlemage and Agnes (ally target).

Vanquished Creatures
  Rupert (D:12)
  Gastronok (D:8)
  A caustic shrike skeleton (D:14)
  An orc warlord (Bailey)
  Nessos (D:12)
  A fire dragon (shapeshifter) (D:14)
  Josephine (D:12)
  Harold (D:9)
  2 hydras
  Erica (Lair:2)
  3 boulder beetles
  A merfolk avatar (Lair:5)
  7 centaur warriors
  3 two-headed ogres
  Urug (D:13)
  10 death yaks
  A tengu warrior (D:15)
  3 soul eaters (D:14)
  Nergalle (D:12)
  2 orc high priests (Orc:2)
  4 skeletal warriors (D:14)
  A sea snake (Lair:5)
  3 orc knights (Orc:2)
  2 bog bodies (Lair:2)
  A golden dragon skeleton (D:14)
  A sphinx zombie (D:14)
  A harpy (Lair:5)
  4 wizards (D:10)
  5 orc sorcerers
  2 oklob plants (Lair:4)
  A fire giant zombie (D:14)
  14 ugly things
  4 cyclopes
  2 wolf spiders (Lair:1)
  4 manticores
  An iron dragon skeleton (D:14)
  17 elephants
  A fire giant skeleton (D:14)
  Joseph (D:7)
  5 cane toads
  The ghost of MCDelver the Skirmisher, a novice BaHu of Cheibriados (D:5)
  A gargoyle (D:8)
  4 black mambas
  3 torpor snails
  Maggie (Lair:2)
  An efreet (D:13)
  A kobold demonologist (D:12)
  A tengu conjurer (D:15)
  8 komodo dragons
  A polar bear (Lair:5)
  5 trolls
  3 hornets
  Prince Ribbit (D:9)
  13 blink frogs
  2 wind drakes (Lair:5)
  4 slime creatures (D:14)
  10 dream sheep (Lair:4)
  3 snapping turtles (Lair:5)
  A spriggan zombie (D:14)
  2 large abominations (D:10)
  2 wyverns
  A shadow (D:11)
  28 yaks
  5 wraiths
  A basilisk (Lair:3)
  4 steam dragons
  Grum (D:10)
  9 humans (D:13)
  5 vampire mosquitoes
  8 water moccasins
  A human skeleton (D:14)
  2 black bears
  13 orc warriors
  A sky beast (D:6)
  16 wolves
  12 centaurs
  4 small abominations (D:10)
  A kobold brigand (D:10)
  11 bullfrogs
  3 gnoll sergeants (D:5)
  A scorpion (D:6)
  Dowan (D:7)
  6 killer bees
  2 howler monkeys
  3 electric eels
  A jelly (D:4)
  17 orc priests
  2 gnoll boudas
  2 hounds
  An iguana (D:5)
  22 orc wizards
  4 hell rats (Lair:3)
  7 adders
  4 gnolls
  A white imp (D:6)
  2 dart slugs
  40 orcs
  8 ball pythons
  9 endoplasms
  8 giant cockroaches
  6 goblins
  7 hobgoblins
  12 jackals
  A quokka (D:2)
  5 bats
  3 frilled lizards
  16 kobolds
  3 rats
505 creatures vanquished.

Vanquished Creatures (collateral kills)
  Fannar (Lair:3)
  3 death yaks
  2 two-headed ogres
  A boulder beetle (D:15)
  An orc high priest (Orc:2)
  5 wizards (D:10)
  A sphinx zombie (D:14)
  An orc knight (Orc:2)
  An oklob plant (Lair:3)
  Pikel (D:9)
  A deep elf pyromancer (D:13)
  2 cyclopes
  An ugly thing (D:14)
  2 manticores
  A stone giant skeleton (D:14)
  7 elephants
  2 cane toads
  A gargoyle (D:12)
  2 rime drakes (Lair:5)
  2 unseen horrors
  A tengu conjurer (D:8)
  3 trolls
  3 blink frogs
  3 hornets
  3 dream sheep (Lair:4)
  A wraith (D:12)
  Sigmund (D:3)
  10 yaks
  2 basilisks
  7 humans (D:13)
  2 steam dragons
  3 small abominations (D:10)
  6 vampire mosquitoes
  A redback (shapeshifter) (D:8)
  2 wargs (Orc:1)
  5 water moccasins
  Duvessa (D:7)
  10 orc warriors
  An ice beast (D:5)
  A black bear (D:7)
  2 large abominations (D:10)
  3 wolves
  4 centaurs
  3 lemures (D:9)
  A kobold brigand (D:7)
  A phantom (D:6)
  6 bullfrogs
  2 necrophages (D:7)
  A wight (D:8)
  2 killer bees
  An electric eel (Lair:3)
  A hound (D:7)
  2 orc priests
  An iguana (D:6)
  8 orc wizards
  2 hell rats (Lair:3)
  5 gnolls
  An adder (D:5)
  An ufetubus (D:6)
  25 orcs
  A goblin (Bailey)
  2 hobgoblins (Bailey)
  12 kobolds
  3 butterflies
194 creatures vanquished.

Vanquished Creatures (others)
  An ogre mage (D:13)
  A wizard (D:10)
  29 battlemagi
  14 fungi
  57 plants
102 creatures vanquished.

Grand Total: 801 creatures vanquished

Notes
Turn   | Place    | Note
-------+----------+-------------------------------------------
     0 | D:1      | Haldmier the Draconian Transmuter began the quest for the
                  | Orb.
     0 | D:1      | Reached XP level 1. HP: 16/16 MP: 3/3
    88 | D:1      | Reached XP level 2. HP: 23/23 MP: 3/5
    91 | D:1      | Learned a level 2 spell: Wereblood
   550 | D:1      | Got the Verses on Unhallowed Deeds
   563 | D:1      | Reached XP level 3. HP: 29/29 MP: 4/6
   876 | D:2      | Learned a level 3 spell: Spider Form
  1886 | D:2      | Reached XP level 4. HP: 35/36 MP: 5/7
  2271 | D:3      | Noticed Sigmund
  2469 | D:4      | Reached skill level 1 in Poison Magic
  2469 | D:4      | Reached XP level 5. HP: 37/42 MP: 6/8
  2549 | D:4      | Reached skill level 1 in Stealth
  2549 | D:4      | Reached skill level 4 in Unarmed Combat
  2627 | D:4      | Found a hazy altar of Hepliaklqana.
  2635 | D:4      | Became a worshipper of Hepliaklqana the Forgotten
  2724 | D:4      | Reached XP level 6. HP: 43/50 MP: 6/9
  2783 | D:4      | Found a staircase to the Ecumenical Temple.
  3020 | D:4      | Found a stormy altar of Qazlal.
  3251 | Temple   | Entered the Ecumenical Temple
  3431 | D:5      | Entered Level 5 of the Dungeon
  3510 | D:5      | Noticed a water moccasin
  3522 | D:5      | Killed a water moccasin
  3541 | D:5      | Noticed an orc warrior
  3634 | D:5      | Your scales start taking on a glossy black colour.
  3634 | D:5      | Reached XP level 7. HP: 54/57 MP: 8/10
  3634 | D:5      | Gained mutation: You are resistant to electric shocks.
                  | (rElec) [Black Draconian growth]
  3635 | D:5      | Found a faded altar of an unknown god.
  3812 | D:5      | Reached * piety under Hepliaklqana
  3818 | D:5      | Reached skill level 5 in Unarmed Combat
  3852 | D:5      | Found a transporter.
  4003 | D:5      | Found a transporter.
  4037 | D:5      | Identified the +2 buckler "Etzuorol" {Will+ rCorr Dex+2}
  4072 | D:5      | Noticed MCDelver's ghost (novice BaHu)
  4357 | D:5      | Found the +1 Delatra's gloves {ID++}
  4517 | D:6      | Reached skill level 5 in Transmutations
  4538 | D:6      | Reached XP level 8. HP: 59/59 MP: 5/11
  4777 | D:6      | Found a sparkling altar of Nemelex Xobeh.
  4797 | D:6      | Reached ** piety under Hepliaklqana
  4798 | D:6      | Remembered your ancestor Zada as a battlemage
  4825 | D:6      | Learned a level 4 spell: Ice Form
  4827 | D:6      | Found a glowing golden altar of the Shining One.
  5321 | D:3      | Killed Sigmund
  5322 | D:3      | Reached skill level 6 in Unarmed Combat
  5576 | D:7      | Noticed Dowan
  5578 | D:7      | Noticed Duvessa
  5589 | D:7      | Killed Duvessa
  5590 | D:7      | Reached skill level 1 in Ice Magic
  5591 | D:7      | Killed Dowan
  5817 | D:7      | Found Sezesaon's Distillery.
  5826 | D:7      | Bought a potion of curing for 33 gold pieces
  5826 | D:7      | Bought a potion of invisibility for 88 gold pieces
  5826 | D:7      | Bought a potion of heal wounds for 55 gold pieces
  5826 | D:7      | Bought a potion of haste for 110 gold pieces
  5930 | D:7      | Reached XP level 9. HP: 64/64 MP: 9/12
  6153 | D:7      | Noticed Joseph
  6226 | D:7      | Killed Joseph
  6466 | D:7      | Reached skill level 7 in Unarmed Combat
  6468 | D:7      | Reached skill level 5 in Fighting
  7185 | D:8      | Noticed Gastronok
  7205 | D:8      | Killed Gastronok
  7206 | D:8      | Reached skill level 8 in Unarmed Combat
  7206 | D:8      | Reached XP level 10. HP: 39/74 MP: 8/13
  7340 | D:8      | Reached skill level 5 in Dodging
  7359 | D:8      | Noticed a gargoyle
  7459 | D:8      | Killed a gargoyle
  7460 | D:8      | Reached skill level 5 in Stealth
  7925 | D:8      | Found an ancient bone altar of Kikubaaqudgha.
  7925 | D:8      | Found a broken altar of Ashenzari.
  8022 | D:8      | Noticed a cyclops
  8022 | D:8      | Noticed a centaur warrior
  8032 | D:8      | Killed a cyclops
  8063 | D:8      | Killed a centaur warrior
  8064 | D:8      | Reached skill level 9 in Unarmed Combat
  8729 | D:9      | Noticed a two-headed ogre
  8739 | D:9      | Killed a two-headed ogre
  8740 | D:9      | Reached XP level 11. HP: 81/81 MP: 11/14
  8757 | D:9      | Noticed Harold
  9016 | D:9      | Killed Harold
  9108 | D:9      | Reached *** piety under Hepliaklqana
  9116 | D:9      | Noticed Prince Ribbit
  9121 | D:9      | Killed Prince Ribbit
  9260 | D:9      | Noticed Pikel
  9264 | D:9      | Killed Pikel
  9404 | D:9      | Found a shimmering blue altar of Sif Muna.
  9521 | D:9      | Noticed a two-headed ogre
  9678 | D:8      | Killed a two-headed ogre
  9696 | D:9      | Identified the +1 robe of the Albatross {Int+4}
  9818 | D:9      | Reached skill level 10 in Unarmed Combat
 10076 | D:9      | Noticed a two-headed ogre
 10334 | D:9      | Found a staircase to the Orcish Mines.
 10445 | D:9      | Killed a two-headed ogre
 10517 | D:10     | Entered Level 10 of the Dungeon
 10546 | D:10     | Found a flagged portal.
 10687 | Bailey   | Entered a bailey
 10705 | Bailey   | Noticed an orc warlord
 10787 | Bailey   | Reached skill level 10 in Transmutations
 10866 | Bailey   | Found a runed translucent gate.
 10868 | Bailey   | Found a runed translucent gate.
 10870 | Bailey   | Found a runed translucent gate.
 11127 | Bailey   | Killed an orc warlord
 11379 | D:10     | Acquired the ring of False Pretenses {Fire Str+5}
 11519 | D:10     | Found an ornate altar of the Wu Jian Council.
 11538 | D:10     | Noticed a wizard
 11555 | D:10     | Killed a wizard
 11753 | D:10     | Noticed a large abomination
 11900 | D:9      | Learned a level 5 spell: Blade Hands
 12037 | D:10     | Noticed a large abomination
 12041 | D:10     | Killed a large abomination
 12338 | D:10     | Identified the ring of Obsession {Will+ Str+6}
 12422 | D:10     | Killed a large abomination
 12423 | D:10     | Reached XP level 12. HP: 90/90 MP: 6/16
 12562 | D:10     | Found a burning altar of Makhleb.
 12587 | D:10     | Reached skill level 11 in Unarmed Combat
 12612 | D:10     | Reached **** piety under Hepliaklqana
 12635 | D:10     | Noticed Grum
 12666 | D:10     | Killed Grum
 12835 | D:10     | Found the +3 warlock's mirror {reflect}
 13245 | D:10     | Got the Meditations on Misery and Breath
 13249 | D:10     | Identified the amulet of Miracles {Faith Dex+4 Stlth+}
 13431 | D:11     | Found a staircase to the Lair.
 13676 | D:11     | Reached skill level 12 in Unarmed Combat
 13814 | D:11     | Reached skill level 1 in Invocations
 14200 | Lair:1   | Entered Level 1 of the Lair of Beasts
 14674 | Lair:1   | Reached ***** piety under Hepliaklqana
 14720 | Lair:1   | Reached XP level 13. HP: 99/99 MP: 17/17
 15413 | Lair:2   | Found a staircase to the Swamp.
 15644 | Lair:2   | Noticed Erica
 15653 | Lair:2   | Killed Erica
 15654 | Lair:2   | Reached skill level 13 in Unarmed Combat
 16131 | Lair:2   | Noticed Maggie
 16216 | Lair:2   | Killed Maggie
 16504 | Lair:3   | Reached skill level 10 in Fighting
 16537 | Lair:3   | Noticed Fannar
 16559 | Lair:3   | Killed Fannar
 16839 | Lair:3   | Found a staircase to the Snake Pit.
 17809 | Lair:3   | Found the dreamshard necklace {*Dream Drain}
 17823 | Lair:3   | Reached skill level 5 in Invocations
 18340 | D:5      | Killed MCDelver's ghost
 19142 | Lair:4   | Reached skill level 14 in Unarmed Combat
 19150 | Lair:4   | Gained mutation: Your large and strong wings let you fly.
                  | [Black Draconian growth]
 19150 | Lair:4   | Reached XP level 14. HP: 109/109 MP: 15/18
 19684 | Lair:4   | Found a staircase to the Slime Pits.
 19684 | Lair:4   | Found a viscous altar of Jiyva.
 20473 | Lair:4   | Reached ****** piety under Hepliaklqana
 20829 | Lair:5   | Entered Level 5 of the Lair of Beasts
 21397 | Lair:5   | Found the +6 lightning scales {swift, rElec}
 21497 | Lair:5   | Reached skill level 15 in Unarmed Combat
 21932 | Lair:5   | Reached skill level 1 in Shields
 21978 | Lair:5   | Reached skill level 10 in Dodging
 22156 | Lair:5   | Found the +7 captain's cutlass {speed, disarm}
 22161 | Lair:5   | Got the Catalogue of Fire and Mustering
 22176 | Lair:5   | Identified the +7 lajatang of Generosity {drain, Str+7
                  | Int-3 Stlth+}
 23559 | Orc:1    | Entered Level 1 of the Orcish Mines
 23686 | Orc:1    | Found Ajike's Magic Scroll Boutique.
 23720 | Orc:1    | Bought a scroll of blinking for 120 gold pieces
 24082 | Orc:2    | Entered Level 2 of the Orcish Mines
 24214 | Orc:2    | Found a staircase to the Elven Halls.
 24295 | Orc:2    | Found Fogeru's Distillery.
 24309 | Orc:2    | Reached XP level 15. HP: 80/118 MP: 10/19
 24610 | Orc:2    | Found Falotips's Distillery.
 24683 | Orc:2    | Found Ilithrao's Distillery.
 24683 | Orc:2    | Found Raunir's General Store.
 24761 | Orc:2    | Bought a potion of resistance for 150 gold pieces
 24763 | Orc:2    | Bought a potion of heal wounds for 70 gold pieces
 24877 | D:12     | Noticed Nergalle
 24886 | D:12     | Killed Nergalle
 25089 | D:12     | Noticed Josephine
 25095 | D:12     | Killed Josephine
 25314 | D:12     | Noticed Nessos
 25324 | D:12     | Killed Nessos
 26185 | D:13     | Noticed Urug
 26185 | D:13     | Noticed Rupert
 26185 | D:13     | Found a gate to the Vaults.
 26298 | D:13     | Reached skill level 16 in Unarmed Combat
 26329 | D:13     | Killed Urug
 27291 | D:12     | Killed Rupert
 28097 | D:14     | Found an opulent altar of Gozag.
 28308 | D:14     | Found Rioli's Antique Weapon Shop.
 29218 | D:14     | Reached skill level 17 in Unarmed Combat
 29339 | D:14     | Reached XP level 16. HP: 115/129 MP: 16/20
 29449 | D:14     | Found the +4 Cigotuvi's embrace {rMiasma Drain rN+}
 29915 | D:15     | Entered Level 15 of the Dungeon
 29979 | D:15     | Noticed Agnes
 29988 | D:15     | Slain by Agnes

Illustrated notes

Levels and vault maps discovered:
D:1:      nzn_arrival_depleted_hourglass, layout_basic
D:2:      layout_loops_ring
D:3:      layout_loops_ring, grunt_ministairs_7, minmay_distorted, uniq_sigmund
D:4:      layout_cave_pools, nicolae_overflow_crystal_walls,
          mainiacjoe_overflow_six_doors_small, minmay_temple_entry_nine_rooms,
          skrybe_limestone_x
D:5:      layout_cave_pools, gammafunk_ghost_gnarly_gnolls, serial_column_ruins,
          column_ruins_circle_medium, column_ruins_temple_circle,
          column_ruins_open_small, column_ruins_columns_straight,
          column_ruins_open_small, column_ruins_grid_1, column_ruins_open_tiny,
          column_ruins_corridor_straight, pf_guarded_unrand_delatra
D:6:      layout_cave_pools, mainiacjoe_overflow_24_doors, kennysheep_little_box
D:7:      layout_loops_ring, serial_shops, nicolae_shop_trees, uniq_duvessa,
          uniq_joseph
D:8:      layout_loops_ring, gammafunk_temple_overflow_statue,
          minmay_shattered_shrine, uniq_gastronok
D:9:      layout_loops_ring, lemuel_tele_altar, david_orc_4, uniq_harold,
          uniq_prince_ribbit1, uniq_pikel
D:10:     minmay_smoke_and_mirrors, layout_cave_pools,
          overflow_temple_1_default, mainiacjoe_overflow_alcove_4,
          enter_bailey_8, laboratory, uniq_grum
D:11:     layout_long_grid, grunt_lair_entry_orc_guard_hut
D:12:     layout_stronghold, uniq_josephine, uniq_nergalle, uniq_nessos
D:13:     layout_big_octagon, david_vaults_3
D:14:     layout_roguey, serial_shops, nicolae_shop_crystal,
          nicolae_gozag_cash_rules_everything_around_me,
          amcnicky_mini_pool_small, hellmonk_guarded_unrand_cigotuvi
D:15:     grunt_enter_depths_hoard, layout_loops_ring,
          trog_three_pillars_becter, uniq_agnes, uniq_louise
Temple:   dshaligram_water_room_temple
Lair:1:   layout_gridlike, nicolae_lair_run_with_the_wolves,
          infiniplex_staircase_pool, grunt_megastairs_3
Lair:2:   layout_big_grid, skrybe_swamp_entry_bodies, lemuel_fruit_fields,
          uniq_erica, uniq_maggie
Lair:3:   minmay_lair_oklob_chamber, layout_hall_layers, dummy_snake_entry,
          chequers_serial_rivers_micro_b, small_statue_intersection,
          grunt_megastairs_5, serial_bayou_shore_a, lemuel_fruit_tree,
          uniq_fannar
Lair:4:   layout_cave_pods, minmay_slime_entry_oklob_open, serial_bayou_ford_a,
          lemuel_fruit_fields
Lair:5:   gammafunk_lair_ancient_temple, layout_cave_pods
Orc:1:    layout_caves, serial_shops, nicolae_diamond_shop
Orc:2:    st_orc_elflike, layout_caves, basic_altar

Skill      XL: |  1  2  3  4  5  6  7  8  9 10 11 12 13 14 15 |
---------------+----------------------------------------------+-----
Dodging        | 2 3 4 5 6 8 9 10 11 | 11.4
Fighting       | 2 3 4 5 6 8 9 10 11 13 | 13.3
Transmutations | 3 4 5 6 7 9 10 11 12 13 14 | 14.0
Poison Magic   | 1 2 3 4 |  4.0
Stealth        | 1 2 3 4 5 |  5.0
Unarmed Combat | 4 5 6 8 9 10 12 14 15 17 | 17.3
Ice Magic      | 1 3 4 |  4.0
Spellcasting   | 3 |  3.0
Invocations    | 2 5 |  5.0
Shields        | 2 4 |  4.0

Action                   |  1- 3 |  4- 6 |  7- 9 | 10-12 | 13-15 | 16-18 || total
-------------------------+-------+-------+-------+-------+-------+-------++-------
Melee: Unarmed           |   102 |   165 |   178 |   366 |   725 |    44 ||  1580
       Tailslap          |    13 |    12 |    11 |    26 |   115 |     9 ||   186
       Headbutt          |    12 |    28 |     9 |       |       |       ||    49
       Kick              |    17 |    36 |    13 |       |       |       ||    66
       Punch             |     1 |     7 |     2 |    11 |    73 |     8 ||   102
Throw: Stone             |       |     2 |       |     2 |    25 |       ||    29
       Boomerang         |       |       |       |       |    41 |       ||    41
 Cast: Beastly Appendage |    32 |    34 |    11 |     1 |     1 |       ||    79
       Wereblood         |       |     1 |       |       |       |       ||     1
       Spider Form       |       |     1 |    16 |    34 |     2 |       ||    53
       Ice Form          |       |       |       |     5 |    11 |       ||    16
       Blade Hands       |       |       |       |    20 |    67 |     5 ||    92
Invok: Ancestor Life: Ba |       |       |     1 |       |       |       ||     1
       Ancestor Identity |       |       |     1 |       |       |       ||     1
       Recall Ancestor   |       |       |       |     4 |     3 |       ||     7
 Abil: Breathe Lightning |       |       |     1 |       |       |       ||     1
Evoke: Wand              |       |       |       |       |    13 |       ||    13
  Use: Scroll            |     4 |     4 |    11 |     5 |     6 |       ||    30
       Potion            |       |     1 |       |     5 |     2 |     1 ||     9
 Stab: Sleeping          |     2 |     4 |       |     1 |     4 |       ||    11
       Distracted        |       |       |     6 |    13 |    19 |       ||    38
       Invisible         |       |       |       |     2 |       |       ||     2
Armor: Skin              |    28 |    43 |    32 |    52 |   155 |     7 ||   317
Dodge: Dodged            |    54 |   119 |   182 |   348 |   601 |    26 ||  1330
Block: Buckler           |       |       |       |       |    46 |     9 ||    55

Table legend: (Time is in decaauts)
 A = Elapsed time spent in this place.
 B = Non-inter-level travel time spent in this place.
 C = Inter-level travel time spent in this place.
 D = Time resting spent in this place.
 E = Time spent auto-exploring this place.
 F = Levels seen in this place.
 G = Mean time per level.
                   A        B        C        D        E       F      G
               +--------+--------+--------+--------+--------+-----+--------+
         Total |  29784 |  28186 |   1598 |   9608 |  10055 |  24 | 1241.0 |
       Dungeon |  18957 |  17855 |   1102 |   5741 |   6518 |  15 | 1263.8 |
        Temple |    132 |    110 |     22 |      0 |    100 |   1 |  132.0 |
          Lair |   8799 |   8383 |    416 |   3323 |   3097 |   5 | 1759.8 |
  Orcish Mines |   1230 |   1172 |     58 |    370 |    227 |   2 |  615.0 |
        Bailey |    665 |    665 |      0 |    174 |    113 |   1 |  665.0 |
               +--------+--------+--------+--------+--------+-----+--------+

Top non-repeatable levels by time:
     D:8: 2758 daAuts
    D:12: 2415 daAuts
  Lair:4: 2383 daAuts
  Lair:3: 2287 daAuts
    D:10: 1833 daAuts
  Lair:2: 1511 daAuts
    D:14: 1445 daAuts
     D:7: 1410 daAuts
     D:9: 1339 daAuts
  Lair:1: 1318 daAuts
  Lair:5: 1297 daAuts
     D:2: 1186 daAuts
     D:5: 1183 daAuts
    D:13: 1099 daAuts
     D:4: 935 daAuts
